[Event "VI Floripa Open 2020"]
[Site "Florianopolis"]
[Date "2020.01.21"]
[Round "2.145"]
[White "Da Costa, Gabriel Magalhaes"]
[Black "Almeida, Bianca Martins"]
[Result "1-0"]
[ECO "C50"]
[WhiteElo "1527"]
[BlackElo "1175"]
[Annotator "NA"]
[PlyCount "85"]
[EventDate "2020.01.20"]
[EventType "swiss"]
[EventRounds "10"]
[EventCountry "BRA"]
[SourceTitle "playchess.com"]
[Source "ChessBase"]
[SourceQuality "1"]
[TimeControl "5400+30"]

1. e4 e5 2. Nf3 Nc6 3. Bc4 d6 4. c3 Bg4 5. d3 h6 6. O-O Bxf3 7. Qxf3 Qf6 8. Nd2 Qxf3 9. Nxf3 Nf6 10. Re1 Nd7 11. Be3 Na5 12. Bb5 c6 13. Ba4 b5 14. Bc2 c5 15. Bd2 Be7 16. c4 b4 17. Ba4 Nb7 18. a3 a5 19. axb4 cxb4 20. Bc6 O-O-O 21. Bxb7+ Kxb7 22. Rxa5 Nc5 23. Rea1 Ra8 24. Rxa8 Rxa8 25. Rxa8 Kxa8 26. Bxb4 Nxd3 27. Ba3 Kb7 28. Kf1 Kb6 29. g3 Nc5 30. Ke2 Nxe4 31. Nxe5 dxe5 32. Bxe7 g6 33. f3 Nc5 34. Bxc5+ Kxc5 35. Kd3 f5 36. b3 g5 37. g4 e4+ 38. fxe4 fxg4 39. Ke3 h5 40. e5 Kc6 41. b4 h4 42. b5+ Kb7 43. Kf2 1-0

[Event "VI Floripa Open 2020"]
[Site "Florianopolis"]
[Date "2020.01.21"]
[Round "2.146"]
[White "Rodrigues Nogueira, Carlos Manuel"]
[Black "Moretto, Heitor Frainer"]
[Result "0-1"]
[ECO "E61"]
[WhiteElo "1971"]
[BlackElo "1498"]
[Annotator "NA"]
[PlyCount "55"]
[EventDate "2020.01.20"]
[EventType "swiss"]
[EventRounds "10"]
[EventCountry "BRA"]
[SourceTitle "playchess.com"]
[Source "ChessBase"]
[SourceQuality "1"]
[TimeControl "5400+30"]

1. c4 Nf6 2. Nc3 g6 3. Nf3 Bg7 4. e3 O-O 5. Be2 c5 6. d4 cxd4 7. exd4 d5 8. c5 b6 9. cxb6 Qxb6 10. O-O Nc6 11. b3 Nxd4 12. Nxd4 Ne4 13. Nxd5 Qxd4 14. Qxd4 Bxd4 15. Nxe7+ Kg7 16. Rb1 Nc3 17. Bf3 Ba6 18. Bxa8 Bxf1 19. Rb2 Ba6 20. Rd2 Rxa8 21. Rxd4 Ne2+ 22. Kh1 Nxd4 23. Bb2 Re8 24. Bxd4+ f6 25. Bc5 Kf7 26. g3 Rxe7 27. Bxe7 Kxe7 28. Kg1 0-1

[Event "VI Floripa Open 2020"]
[Site "Florianopolis"]
[Date "2020.01.21"]
[Round "2.148"]
[White "Campagnolo, Bruna"]
[Black "Encina, Adrian Andres"]
[Result "0-1"]
[ECO "C47"]
[WhiteElo "1317"]
[BlackElo "1740"]
[Annotator "NA"]
[PlyCount "86"]
[EventDate "2020.01.20"]
[EventType "swiss"]
[EventRounds "10"]
[EventCountry "BRA"]
[SourceTitle "playchess.com"]
[Source "ChessBase"]
[SourceQuality "1"]
[TimeControl "5400+30"]

1. e4 e5 2. Nf3 Nc6 3. d4 exd4 4. Nxd4 Nf6 5. Nc3 Bb4 6. Bg5 Qe7 7. f3 d6 8. Bb5 Bd7 9. Bxc6 bxc6 10. Qd3 h6 11. Bh4 O-O 12. O-O Bc5 13. Bf2 Rab8 14. Rab1 Qe5 15. a3 a5 16. Nb3 Bxf2+ 17. Rxf2 Rfe8 18. Rd2 Nh5 19. Qd4 Qg5 20. Re1 a4 21. Nc1 Nf4 22. Kh1 Rxb2 23. Nxa4 Rb1 24. Qe3 Qf6 25. Nb3 Rxe1+ 26. Qxe1 Ra8 27. Nac5 Be8 28. Nd3 Rxa3 29. Qe3 Nxd3 30. Qxd3 c5 31. h3 Bc6 32. Qc4 Qh4 33. Rd1 Bd7 34. Qd5 Be6 35. Qc6 Qe7 36. Rb1 Ra2 37. Rc1 Qg5 38. Rb1 Rxc2 39. g4 Bxb3 40. Qa8+ Kh7 41. Qa5 Qf4 42. Kg1 Qh2+ 43. Kf1 Qf2# 0-1

[Event "VI Floripa Open 2020"]
[Site "Florianopolis"]
[Date "2020.01.21"]
[Round "2.149"]
[White "Born, Ary"]
[Black "Fontenele, Edson Guilherme Lope"]
[Result "0-1"]
[ECO "D02"]
[WhiteElo "1282"]
[BlackElo "1727"]
[Annotator "NA"]
[PlyCount "60"]
[EventDate "2020.01.20"]
[EventType "swiss"]
[EventRounds "10"]
[EventCountry "BRA"]
[SourceTitle "playchess.com"]
[Source "ChessBase"]
[SourceQuality "1"]
[TimeControl "5400+30"]

1. d4 d5 2. Bf4 e6 3. Nf3 c5 4. e3 Nf6 5. Be2 Nc6 6. c3 h6 7. h4 Qb6 8. Nbd2 Qxb2 9. Nb3 Qxc3+ 10. Nfd2 cxd4 11. Rc1 Qb4 12. O-O dxe3 13. Bxe3 d4 14. Rc4 dxe3 15. fxe3 Qb6 16. Kh1 Qxe3 17. Bf3 Ne5 18. Re1 Nxc4 19. Nxc4 Qf2 20. Ne5 Be7 21. Qb1 O-O 22. Rf1 Qg3 23. Qd3 Qxe5 24. Bd1 Bd6 25. Kg1 b6 26. Bc2 g6 27. Nd2 a5 28. Ne4 Nxe4 29. Rxf7 Rxf7 30. Qe3 Qh2# 0-1

[Event "VI Floripa Open 2020"]
[Site "Florianopolis"]
[Date "2020.01.21"]
[Round "2.150"]
[White "Gomes, Marco Tulio Caldeira"]
[Black "Quadra, Derek Erdmann"]
[Result "1-0"]
[ECO "A22"]
[WhiteElo "1693"]
[BlackElo "1275"]
[Annotator "NA"]
[PlyCount "43"]
[EventDate "2020.01.20"]
[EventType "swiss"]
[EventRounds "10"]
[EventCountry "BRA"]
[SourceTitle "playchess.com"]
[Source "ChessBase"]
[SourceQuality "1"]
[TimeControl "5400+30"]

1. c4 d5 2. cxd5 Qxd5 3. Nc3 Qd8 4. g3 Nf6 5. Bg2 e5 6. d3 Be6 7. Bxb7 Bd5 8. Nxd5 Nxd5 9. Bxa8 c6 10. Qb3 Nb6 11. Bxc6+ Nxc6 12. Nf3 Bb4+ 13. Bd2 Bxd2+ 14. Kxd2 Nd4 15. Nxd4 Qxd4 16. e3 Qd6 17. Qb5+ Nd7 18. Rhc1 O-O 19. Rc6 Qe7 20. Rac1 Nb6 21. Qc5 Qd7 22. Qxe5 1-0

[Event "VI Floripa Open 2020"]
[Site "Florianopolis"]
[Date "2020.01.21"]
[Round "2.151"]
[White "Neuenfeld, Eduarda"]
[Black "De Oliveira Filho, Fernando F"]
[Result "1/2-1/2"]
[ECO "D06"]
[WhiteElo "1277"]
[BlackElo "1680"]
[Annotator "NA"]
[PlyCount "51"]
[EventDate "2020.01.20"]
[EventType "swiss"]
[EventRounds "10"]
[EventCountry "BRA"]
[SourceTitle "playchess.com"]
[Source "ChessBase"]
[SourceQuality "1"]
[TimeControl "5400+30"]

1. d4 Nf6 2. Bf4 d5 3. e3 Bf5 4. Nf3 e6 5. c4 Bd6 6. Bg5 O-O 7. Nc3 Be7 8. Rc1 c6 9. Be2 Ne4 10. Bxe7 Qxe7 11. Nxe4 Bxe4 12. O-O Nd7 13. cxd5 Bxd5 14. a3 e5 15. Bc4 Bxc4 16. Rxc4 exd4 17. Rxd4 Nb6 18. Qc2 Rfd8 19. Rfd1 Rxd4 20. Rxd4 Rd8 21. Qb3 Rxd4 22. Nxd4 Qc5 23. h3 Qc4 24. Qd1 Qd5 25. Qc2 Qc4 26. Qd1 1/2-1/2

[Event "VI Floripa Open 2020"]
[Site "Florianopolis"]
[Date "2020.01.21"]
[Round "2.152"]
[White "De Carvalho, Vitor Augusto Poncia"]
[Black "Dummer, Micael Schwenske"]
[Result "0-1"]
[ECO "C44"]
[WhiteElo "1272"]
[BlackElo "1629"]
[Annotator "NA"]
[PlyCount "38"]
[EventDate "2020.01.20"]
[EventType "swiss"]
[EventRounds "10"]
[EventCountry "BRA"]
[SourceTitle "playchess.com"]
[Source "ChessBase"]
[SourceQuality "1"]
[TimeControl "5400+30"]

1. e4 e5 2. d4 exd4 3. Bc4 Nc6 4. Nf3 Bc5 5. O-O d6 6. Re1 Bg4 7. h3 Bh5 8. c3 dxc3 9. Nxc3 Nf6 10. Bg5 h6 11. Bh4 g5 12. Bg3 O-O 13. Be2 Re8 14. Nd2 Bxe2 15. Qxe2 Nd4 16. Qd1 Ne6 17. h4 Nd7 18. hxg5 Qxg5 19. Nf3 Qxg3 0-1

[Event "VI Floripa Open 2020"]
[Site "Florianopolis"]
[Date "2020.01.21"]
[Round "2.153"]
[White "Steuck, Camilli"]
[Black "Caldas, Raphael C B R Leitao"]
[Result "0-1"]
[ECO "C01"]
[WhiteElo "1269"]
[BlackElo "1612"]
[Annotator "NA"]
[PlyCount "82"]
[EventDate "2020.01.20"]
[EventType "swiss"]
[EventRounds "10"]
[EventCountry "BRA"]
[SourceTitle "playchess.com"]
[Source "ChessBase"]
[SourceQuality "1"]
[TimeControl "5400+30"]

1. e4 e6 2. Nc3 d5 3. exd5 exd5 4. d4 Nf6 5. Bd3 Bd6 6. Nf3 O-O 7. O-O Bg4 8. h3 Bh5 9. Be3 c6 10. Re1 Nbd7 11. Nb1 b5 12. Nbd2 a5 13. c3 Nb6 14. Qc2 Bg6 15. Bxg6 fxg6 16. Bg5 Qc7 17. Ne5 c5 18. Nef3 b4 19. Rab1 c4 20. Rbc1 Nh5 21. Ne5 Nf4 22. Ndf3 a4 23. Bxf4 Rxf4 24. Qd2 Raf8 25. cxb4 Nd7 26. Nxd7 Qxd7 27. a3 Rxf3 28. gxf3 Bf4 29. Qc3 Bxc1 30. Qxc1 Qxh3 31. Qe3 Qxf3 32. Qxf3 Rxf3 33. Rd1 Rb3 34. Rd2 Kf7 35. Kf1 h5 36. Kg2 g5 37. f3 Kg6 38. Re2 Kf5 39. Re5+ Kf4 40. Re7 Rxb2+ 41. Kf1 c3 0-1

[Event "VI Floripa Open 2020"]
[Site "Florianopolis"]
[Date "2020.01.21"]
[Round "2.154"]
[White "Perutti, Rafael"]
[Black "Fonseca, Rogerio da Silva"]
[Result "1-0"]
[ECO "D40"]
[WhiteElo "1560"]
[BlackElo "1260"]
[Annotator "NA"]
[PlyCount "89"]
[EventDate "2020.01.20"]
[EventType "swiss"]
[EventRounds "10"]
[EventCountry "BRA"]
[SourceTitle "playchess.com"]
[Source "ChessBase"]
[SourceQuality "1"]
[TimeControl "5400+30"]

1. d4 d5 2. c4 e6 3. Nf3 c5 4. e3 Nc6 5. Nc3 Nf6 6. Bd3 Qb6 7. cxd5 exd5 8. dxc5 Bxc5 9. O-O Bg4 10. Na4 Qa5 11. Nxc5 Qxc5 12. b3 Ne5 13. Be2 Nxf3+ 14. Bxf3 Bxf3 15. Qxf3 O-O 16. a4 Ne4 17. Ba3 Qc3 18. Bxf8 Nd2 19. Qg3 Nxf1 20. Rxf1 Rxf8 21. e4 Qxg3 22. hxg3 dxe4 23. Rd1 f5 24. Rd7 Rf7 25. Rd8+ Rf8 26. Rd5 g6 27. Kf1 Kg7 28. Ke2 Rf7 29. Ke3 Rc7 30. b4 Kh6 31. g4 Kg5 32. gxf5 gxf5 33. Rb5 Re7 34. Rc5 Kg4 35. g3 h5 36. a5 f4+ 37. gxf4 h4 38. Rg5+ Kh3 39. f5 Rc7 40. f6 Rc3+ 41. Kxe4 Rb3 42. f7 Rxb4+ 43. Kf5 Rb2 44. f4 Rb5+ 45. Ke6 1-0

[Event "VI Floripa Open 2020"]
[Site "Florianopolis"]
[Date "2020.01.21"]
[Round "2.155"]
[White "Metidieri, Diogenes Galavotti"]
[Black "Bernardes, Roberto Carlos Strut"]
[Result "0-1"]
[ECO "D71"]
[WhiteElo "1245"]
[BlackElo "1560"]
[Annotator "NA"]
[PlyCount "66"]
[EventDate "2020.01.20"]
[EventType "swiss"]
[EventRounds "10"]
[EventCountry "BRA"]
[SourceTitle "playchess.com"]
[Source "ChessBase"]
[SourceQuality "1"]
[TimeControl "5400+30"]

1. d4 g6 2. g3 Bg7 3. Bg2 Nf6 4. Nh3 O-O 5. O-O d5 6. c4 e6 7. e3 Nc6 8. Nc3 Bd7 9. c5 b6 10. Rb1 bxc5 11. dxc5 Rb8 12. b3 Bc8 13. Nf4 Ba6 14. Re1 Nd7 15. Bb2 Nxc5 16. Qc2 Nb4 17. Qd2 c6 18. Ba1 e5 19. Nfe2 Nbd3 20. Red1 e4 21. Bf1 Ne5 22. b4 Nf3+ 23. Kh1 Nxd2 24. Rxd2 Nd3 25. Nf4 Nxb4 26. Bxa6 Nxa6 27. Rxb8 Qxb8 28. Rb2 Qc8 29. Rb3 Qg4 30. Nfe2 Nc5 31. Ra3 Nd3 32. Ng1 Qd7 33. Nce2 Bxa1 0-1

[Event "VI Floripa Open 2020"]
[Site "Florianopolis"]
[Date "2020.01.21"]
[Round "2.156"]
[White "Usui, Gabriella Yumi"]
[Black "Leffeck, Mateus Bernal"]
[Result "0-1"]
[ECO "D02"]
[WhiteElo "1227"]
[BlackElo "1552"]
[Annotator "NA"]
[PlyCount "76"]
[EventDate "2020.01.20"]
[EventType "swiss"]
[EventRounds "10"]
[EventCountry "BRA"]
[SourceTitle "playchess.com"]
[Source "ChessBase"]
[SourceQuality "1"]
[TimeControl "5400+30"]

1. d4 d5 2. Nf3 c5 3. dxc5 Nc6 4. c4 d4 5. a3 a5 6. Bf4 e6 7. Nbd2 Bxc5 8. Nb3 b6 9. Ne5 Bb7 10. Nxc6 Bxc6 11. Be5 Qg5 12. Bg3 Rd8 13. Qd2 Qxd2+ 14. Kxd2 Nf6 15. Nxc5 bxc5 16. f3 Rd7 17. e4 O-O 18. Bd3 Rb7 19. Rab1 a4 20. Bd6 Rc8 21. Bxc5 Bxe4 22. Bxd4 Rd7 23. fxe4 Rxd4 24. Ke3 e5 25. Rbd1 Kf8 26. h3 Rb8 27. Rd2 Rb3 28. Rb1 Nxe4 29. Rdd1 Nc5 30. Ke2 Nxd3 31. Kf1 Rxb2 32. Rxb2 Nxb2 33. Rxd4 exd4 34. c5 Ke7 35. Ke2 Kd7 36. Kd2 Kc6 37. Kc2 Nc4 38. Kd3 Kxc5 0-1

[Event "VI Floripa Open 2020"]
[Site "Florianopolis"]
[Date "2020.01.21"]
[Round "2.157"]
[White "Ferreira, Angelo Augusto Pache"]
[Black "Fugimoto, Rafael Aoki"]
[Result "1-0"]
[ECO "A43"]
[WhiteElo "1547"]
[BlackElo "1232"]
[Annotator "NA"]
[PlyCount "51"]
[EventDate "2020.01.20"]
[EventType "swiss"]
[EventRounds "10"]
[EventCountry "BRA"]
[SourceTitle "playchess.com"]
[Source "ChessBase"]
[SourceQuality "1"]
[TimeControl "5400+30"]

1. d4 c5 2. d5 d6 3. Nc3 a6 4. a4 Nf6 5. Nf3 g6 6. e4 Qc7 7. Be2 Bg7 8. O-O O-O 9. Nd2 Nbd7 10. a5 Nb8 11. Nc4 Nfd7 12. Na4 Ra7 13. Nab6 Nxb6 14. axb6 Qd7 15. bxa7 b5 16. axb8=Q Bb7 17. Qa7 bxc4 18. Bxc4 Qc7 19. Bxa6 Ra8 20. Qxb7 Qxb7 21. Bxb7 Rxa1 22. Qg4 Bd4 23. Bh6 Rxf1+ 24. Kxf1 f6 25. Qc8+ Kf7 26. Qf8# 1-0

[Event "VI Floripa Open 2020"]
[Site "Florianopolis"]
[Date "2020.01.21"]
[Round "2.158"]
[White "Junior, Elias Vidal Bezerra"]
[Black "Brand, Oliver"]
[Result "1-0"]
[ECO "E61"]
[WhiteElo "1536"]
[BlackElo "1224"]
[Annotator "NA"]
[PlyCount "81"]
[EventDate "2020.01.20"]
[EventType "swiss"]
[EventRounds "10"]
[EventCountry "BRA"]
[SourceTitle "playchess.com"]
[Source "ChessBase"]
[SourceQuality "1"]
[TimeControl "5400+30"]

1. d4 Nf6 2. c4 g6 3. Nf3 Bg7 4. Nc3 d6 5. h3 O-O 6. Bg5 Re8 7. e4 c5 8. d5 e6 9. Bd3 h6 10. Bh4 g5 11. Bg3 exd5 12. cxd5 Bf5 13. Nd2 Bg6 14. Qf3 Bh5 15. Qe3 a6 16. O-O b5 17. Rae1 b4 18. Nd1 Nxd5 19. exd5 Rxe3 20. Rxe3 Nd7 21. Bxd6 Bd4 22. Re4 Nf6 23. Be7 Qxd5 24. Bxf6 Bxf6 25. Re3 Bd4 26. Be4 Qd8 27. Bxa8 Bxe3 28. Nxe3 Qxa8 29. Ndc4 a5 30. f3 a4 31. Rd1 f6 32. Nd5 Qa6 33. Nde3 Bf7 34. Rd8+ Kg7 35. Rd7 Qe6 36. Rd6 Qe8 37. Rb6 Qg8 38. Nf5+ Kh7 39. Rb7 Qg6 40. Ncd6 a3 41. bxa3 1-0

[Event "VI Floripa Open 2020"]
[Site "Florianopolis"]
[Date "2020.01.21"]
[Round "2.159"]
[White "Japiassu, Glauco Antonio Bezer"]
[Black "Deobrochinski, Valentina Hinke"]
[Result "1-0"]
[ECO "D02"]
[WhiteElo "1522"]
[BlackElo "1191"]
[Annotator "NA"]
[PlyCount "67"]
[EventDate "2020.01.20"]
[EventType "swiss"]
[EventRounds "10"]
[EventCountry "BRA"]
[SourceTitle "playchess.com"]
[Source "ChessBase"]
[SourceQuality "1"]
[TimeControl "5400+30"]

1. d4 d5 2. Bf4 Nf6 3. e3 g6 4. c3 Bg7 5. Nd2 O-O 6. Ngf3 Nc6 7. Bd3 Bg4 8. h3 Bxf3 9. Nxf3 Ne4 10. Bxe4 dxe4 11. Nd2 f5 12. Qb3+ Kh8 13. Qxb7 e5 14. Qxc6 exf4 15. exf4 Re8 16. Nc4 Qe7 17. Ne5 Rab8 18. Rb1 Rb6 19. Qc4 Qe6 20. Qxe6 Rexe6 21. O-O Ra6 22. a3 c5 23. d5 Re7 24. Nc6 Re8 25. c4 Rb6 26. b3 e3 27. fxe3 Rxe3 28. Rfe1 Bd4 29. Nxd4 cxd4 30. Rxe3 dxe3 31. Kf1 Rb7 32. Ke2 Re7 33. d6 Rd7 34. c5 1-0

[Event "VI Floripa Open 2020"]
[Site "Florianopolis"]
[Date "2020.01.21"]
[Round "2.160"]
[White "Maia, Renata Rodrigues Alv"]
[Black "Luz, Christian Oliveira"]
[Result "0-1"]
[ECO "D35"]
[WhiteElo "1221"]
[BlackElo "1521"]
[Annotator "NA"]
[PlyCount "56"]
[EventDate "2020.01.20"]
[EventType "swiss"]
[EventRounds "10"]
[EventCountry "BRA"]
[SourceTitle "playchess.com"]
[Source "ChessBase"]
[SourceQuality "1"]
[TimeControl "5400+30"]

1. d4 d5 2. c4 e6 3. Nc3 Nf6 4. cxd5 exd5 5. Bf4 c5 6. e3 cxd4 7. exd4 a6 8. Nf3 Nc6 9. Be2 Be7 10. O-O O-O 11. Rc1 Bg4 12. Bg5 b5 13. Bxf6 Bxf6 14. Ne5 Bxe5 15. dxe5 Bxe2 16. Qxe2 Qd7 17. Rfd1 d4 18. f4 Rfd8 19. Ne4 d3 20. Qd2 Qd4+ 21. Nf2 Qb6 22. Kf1 Rd7 23. Nxd3 Rad8 24. Ke2 Nd4+ 25. Ke1 Nf5 26. Qc2 Qg1+ 27. Kd2 Qe3+ 28. Kc3 Rc8+ 0-1

[Event "VI Floripa Open 2020"]
[Site "Florianopolis"]
[Date "2020.01.21"]
[Round "2.161"]
[White "Koinski, Carlos Cesar"]
[Black "Sarda, Joao Sada"]
[Result "1-0"]
[ECO "E67"]
[WhiteElo "1511"]
[BlackElo "1184"]
[Annotator "NA"]
[PlyCount "93"]
[EventDate "2020.01.20"]
[EventType "swiss"]
[EventRounds "10"]
[EventCountry "BRA"]
[SourceTitle "playchess.com"]
[Source "ChessBase"]
[SourceQuality "1"]
[TimeControl "5400+30"]

1. c4 Nf6 2. d4 g6 3. g3 Bg7 4. Bg2 O-O 5. Nc3 d6 6. Nf3 Nbd7 7. e3 e5 8. O-O e4 9. Nd2 Re8 10. Ndxe4 Nxe4 11. Nxe4 f5 12. Nc3 c5 13. b3 cxd4 14. exd4 Qf6 15. Be3 g5 16. Nd5 Qd8 17. Rb1 h6 18. Qd2 Nf6 19. Nxf6+ Qxf6 20. Rbd1 Rf8 21. f4 gxf4 22. Bxf4 Bd7 23. Bxb7 Rae8 24. Bd5+ Be6 25. Bxd6 Rf7 26. Bxe6 Qxe6 27. Rfe1 Qd7 28. Rxe8+ Qxe8 29. d5 Qd8 30. Bf4 Re7 31. Re1 Bf6 32. Rxe7 Qxe7 33. Bxh6 Qe4 34. Be3 Be5 35. d6 f4 36. gxf4 Bf6 37. Qg2+ Qxg2+ 38. Kxg2 a6 39. c5 Kf8 40. Kf3 Ke8 41. Ke4 Kd7 42. Kd5 Bc3 43. c6+ Kd8 44. f5 Kc8 45. d7+ Kc7 46. Bg5 Bf6 47. Bxf6 1-0

[Event "VI Floripa Open 2020"]
[Site "Florianopolis"]
[Date "2020.01.21"]
[Round "2.162"]
[White "Da Luz, Fabio Rodolfo"]
[Black "Amorin, Gabriel Ferrante"]
[Result "0-1"]
[ECO "C57"]
[WhiteElo "1493"]
[BlackElo "1180"]
[Annotator "NA"]
[PlyCount "70"]
[EventDate "2020.01.20"]
[EventType "swiss"]
[EventRounds "10"]
[EventCountry "BRA"]
[SourceTitle "playchess.com"]
[Source "ChessBase"]
[SourceQuality "1"]
[TimeControl "5400+30"]

1. e4 e5 2. Nf3 Nc6 3. Bc4 Nf6 4. Ng5 d5 5. exd5 Nd4 6. d6 Qxd6 7. Bxf7+ Ke7 8. Bc4 Qc6 9. d3 Qxg2 10. Rf1 h6 11. c3 Bg4 12. f3 Nc2+ 13. Qxc2 Qxc2 14. Nd2 Bf5 15. Nf7 Be6 16. Bxe6 Kxe6 17. Nxh8 Qxd3 18. Rg1 Qe3+ 19. Kf1 Bc5 20. Rg2 Rxh8 21. b4 Qxc3 22. Rb1 Bxb4 23. Re2 Bd6 24. Bb2 Qc6 25. Rc1 Qd7 26. f4 Ne8 27. Ne4 Qc8 28. fxe5 Rf8+ 29. Ke1 Bb4+ 30. Bc3 Bxc3+ 31. Rxc3 b6 32. Rc6+ Kd7 33. Rec2 Qb7 34. e6+ Ke7 35. R2c4 Rf4 0-1

[Event "VI Floripa Open 2020"]
[Site "Florianopolis"]
[Date "2020.01.21"]
[Round "2.163"]
[White "Dos Santos, Paulo H. Maximo"]
[Black "Thurow, Jennifer"]
[Result "1-0"]
[ECO "A36"]
[WhiteElo "1486"]
[BlackElo "1164"]
[Annotator "NA"]
[PlyCount "81"]
[EventDate "2020.01.20"]
[EventType "swiss"]
[EventRounds "10"]
[EventCountry "BRA"]
[SourceTitle "playchess.com"]
[Source "ChessBase"]
[SourceQuality "1"]
[TimeControl "5400+30"]

1. c4 c5 2. Nc3 Nc6 3. g3 e6 4. Bg2 Nf6 5. e3 Be7 6. Nf3 O-O 7. d4 b6 8. d5 Nb4 9. a3 Na6 10. d6 Bxd6 11. Qxd6 Bb7 12. O-O Rb8 13. Rd1 Rc8 14. Ne5 Bxg2 15. Kxg2 Nb8 16. Nb5 a6 17. Na7 Rc7 18. Qxb6 Re8 19. Bd2 d6 20. Nac6 Nxc6 21. Nxc6 Qc8 22. Na5 Qa8+ 23. Kg1 Rce7 24. Bc3 Ng4 25. Qxd6 h6 26. Qc6 Qa7 27. Qf3 h5 28. Nc6 Qc7 29. Nxe7+ Qxe7 30. h3 Nh6 31. Qxh5 f6 32. Bxf6 gxf6 33. Qg6+ Kh8 34. Qxh6+ Kg8 35. Qg6+ Kh8 36. Qd3 Kg7 37. Qd7 Qxd7 38. Rxd7+ Kf8 39. Rad1 a5 40. Rd8 Rxd8 41. Rxd8+ 1-0

[Event "VI Floripa Open 2020"]
[Site "Florianopolis"]
[Date "2020.01.21"]
[Round "2.164"]
[White "Do Carmo, Caroline Da Silva"]
[Black "De Souza, Carlos Alberto"]
[Result "0-1"]
[ECO "B07"]
[WhiteElo "1208"]
[BlackElo "1485"]
[Annotator "NA"]
[PlyCount "78"]
[EventDate "2020.01.20"]
[EventType "swiss"]
[EventRounds "10"]
[EventCountry "BRA"]
[SourceTitle "playchess.com"]
[Source "ChessBase"]
[SourceQuality "1"]
[TimeControl "5400+30"]

1. e4 d6 2. d4 Nf6 3. Nc3 b6 4. Bd3 Nc6 5. Nf3 Bg4 6. Be3 a6 7. O-O e6 8. h3 Bh5 9. d5 exd5 10. Nxd5 Nxd5 11. exd5 Ne5 12. Be2 Be7 13. Nxe5 Bxe2 14. Qxe2 dxe5 15. Rfd1 O-O 16. c4 Qd6 17. f3 f5 18. Rac1 f4 19. c5 bxc5 20. Bxc5 Qf6 21. Bxe7 Qxe7 22. Rc6 Rf6 23. Qc4 Rxc6 24. dxc6+ Kf8 25. Rd7 Qf6 26. Rxc7 a5 27. Rd7 Rc8 28. c7 h5 29. Qd5 Ke8 30. g4 fxg3 31. Kg2 h4 32. a3 a4 33. b4 axb3 34. Qd2 b2 35. Rd6 b1=Q 36. Rxf6 gxf6 37. Qd6 Qb2+ 38. Kg1 Qf2+ 39. Kh1 Qh2# 0-1

[Event "VI Floripa Open 2020"]
[Site "Florianopolis"]
[Date "2020.01.21"]
[Round "2.165"]
[White "Andersson, Cristian de Oliveira"]
[Black "De Carvalho, Amauri"]
[Result "1-0"]
[ECO "A36"]
[WhiteElo "1480"]
[BlackElo "1144"]
[Annotator "NA"]
[PlyCount "57"]
[EventDate "2020.01.20"]
[EventType "swiss"]
[EventRounds "10"]
[EventCountry "BRA"]
[SourceTitle "playchess.com"]
[Source "ChessBase"]
[SourceQuality "1"]
[TimeControl "5400+30"]

1. c4 c5 2. Nc3 Nc6 3. g3 d6 4. Bg2 Qc7 5. Nf3 Nf6 6. O-O Bg4 7. e3 g6 8. h3 Bxf3 9. Qxf3 Bg7 10. b3 O-O 11. Bb2 e5 12. d3 a6 13. Ne4 Qe7 14. Rfd1 Rab8 15. Rd2 Nd8 16. d4 Nxe4 17. Qxe4 f5 18. Qc2 Ne6 19. dxe5 dxe5 20. Rad1 Rbd8 21. Bd5 Rxd5 22. Rxd5 Qg5 23. Bxe5 Qh5 24. f4 Qxh3 25. Qg2 Qg4 26. Bxg7 Kxg7 27. Rd7+ Kf6 28. R1d6 Rf7 29. Qb2# 1-0

[Event "VI Floripa Open 2020"]
[Site "Florianopolis"]
[Date "2020.01.21"]
[Round "2.166"]
[White "Allo Collante, Violeta"]
[Black "Santos, Gildemar De Oliveira"]
[Result "1-0"]
[ECO "E61"]
[WhiteElo "1189"]
[BlackElo "1479"]
[Annotator "NA"]
[PlyCount "65"]
[EventDate "2020.01.20"]
[EventType "swiss"]
[EventRounds "10"]
[EventCountry "BRA"]
[SourceTitle "playchess.com"]
[Source "ChessBase"]
[SourceQuality "1"]
[TimeControl "5400+30"]

1. d4 Nf6 2. Bf4 g6 3. e3 Bg7 4. Nf3 O-O 5. Be2 d6 6. h3 b6 7. O-O Bb7 8. c4 Nbd7 9. Nc3 Ne4 10. Qd3 Nxc3 11. Qxc3 c5 12. Rad1 Qc8 13. Qd3 Nf6 14. Rfe1 Be4 15. Qb3 cxd4 16. exd4 Bb7 17. Qe3 Re8 18. Bh6 Qf5 19. Nh4 Qe4 20. Qg5 Qc2 21. Bd3 Bxh6 22. Qxh6 Qxb2 23. Rd2 Qa3 24. g4 Qa5 25. d5 Bc8 26. Nf3 Kh8 27. Ng5 Kg8 28. Ne4 Nxe4 29. Rxe4 f5 30. gxf5 Bxf5 31. Rh4 Bxd3 32. Qxh7+ Kf8 33. Qh8+ 1-0

[Event "VI Floripa Open 2020"]
[Site "Florianopolis"]
[Date "2020.01.21"]
[Round "2.167"]
[White "Andrade, Moacir Belarmino F."]
[Black "De Oliveira, Nicolas Fabiane"]
[Result "1-0"]
[ECO "D11"]
[WhiteElo "1476"]
[BlackElo "1113"]
[Annotator "NA"]
[PlyCount "49"]
[EventDate "2020.01.20"]
[EventType "swiss"]
[EventRounds "10"]
[EventCountry "BRA"]
[SourceTitle "playchess.com"]
[Source "ChessBase"]
[SourceQuality "1"]
[TimeControl "5400+30"]

1. d4 d5 2. c4 c6 3. Nf3 Nf6 4. e3 Bg4 5. Be2 Nbd7 6. Nc3 Bxf3 7. Bxf3 e5 8. cxd5 cxd5 9. dxe5 Nxe5 10. Qa4+ Nc6 11. O-O Bc5 12. Rd1 O-O 13. Nxd5 Nxd5 14. Bxd5 Qf6 15. Bd2 Rab8 16. Bc3 Qg6 17. Be4 Qh6 18. Rd5 Bb6 19. Rad1 Bc7 20. g3 Rfd8 21. Rxd8+ Bxd8 22. Bxc6 Qxc6 23. Qxa7 Bc7 24. Qxb8+ Bxb8 25. Rd8+ 1-0

[Event "VI Floripa Open 2020"]
[Site "Florianopolis"]
[Date "2020.01.21"]
[Round "2.168"]
[White "Purim, Kaiane"]
[Black "Lopes, Leonardo Borges"]
[Result "0-1"]
[ECO "A36"]
[WhiteElo "1181"]
[BlackElo "1466"]
[Annotator "NA"]
[PlyCount "94"]
[EventDate "2020.01.20"]
[EventType "swiss"]
[EventRounds "10"]
[EventCountry "BRA"]
[SourceTitle "playchess.com"]
[Source "ChessBase"]
[SourceQuality "1"]
[TimeControl "5400+30"]

1. c4 c5 2. g3 g6 3. Bg2 Bg7 4. e3 Nc6 5. Ne2 e5 6. Nbc3 Nge7 7. b3 O-O 8. Bb2 d6 9. O-O a6 10. a3 Rb8 11. Qc2 b5 12. Nd5 bxc4 13. bxc4 Na5 14. Rab1 Be6 15. Qc3 Nxd5 16. cxd5 Bd7 17. f4 Rxb2 18. Qxb2 exf4 19. Qc2 Bb5 20. Rfe1 fxe3 21. dxe3 Nc4 22. Qc1 Qa5 23. a4 Qxa4 24. Nc3 Qa5 25. Nxb5 axb5 26. Bf1 Na3 27. Rb3 Ra8 28. Re2 c4 29. Rb1 Nxb1 30. Qxb1 b4 31. Bg2 Qa1 32. Qxa1 Rxa1+ 33. Kf2 b3 34. Be4 c3 35. Bc2 bxc2 36. Rxc2 f5 37. Ke2 Ra5 38. Rc1 Rxd5 39. Rd1 Rxd1 40. Kxd1 Kf7 41. Kc2 Ke6 42. Kd3 d5 43. h3 Bf6 44. g4 h5 45. gxh5 gxh5 46. Kc2 f4 47. Kb3 fxe3 0-1